 Dungeon Crawl Stone Soup version 0.28-a0-1613-gdaab1c2f9b (webtiles) character file.

Game seed: 10583237068881721538

47 issech the Shield-Bearer (level 3, -1/36 HPs)
             Began as a Troll Fighter on Jan 22, 2022.
             Slain by an iguana (10 damage)
             ... on level 2 of the Dungeon.
             The game lasted 00:03:11 (1128 turns).

issech the Shield-Bearer (Troll Fighter)            Turns: 1128, Time: 00:03:12

Health: -1/36      AC:  4    Str: 24    XL:     3   Next: 48%
Magic:  2/2        EV:  9    Int:  4    God:
Gold:   44         SH:  8    Dex: 11    Spells: 2/2 levels left

rFire   . . .      SeeInvis .   a - +0 flail (protect)
rCold   . . .      Faith    .   c - +1 kite shield
rNeg    . . .      Spirit   .   b - +0 robe
rPois   +          Reflect  .   (helmet restricted)
rElec   .          Harm     .   (no cloak)
rCorr   .          Rampage  .   (gloves unavailable)
Will    .....                   (boots unavailable)
Stlth   +.........              (no amulet)
HPRegen 0.92/turn               i - ring of poison resistance
MPRegen 0.08/turn               (no ring)

@: no status effects
A: large, unfitting armour, claws 3, regeneration 1, shaggy fur 1, tough skin 1
a: no special abilities


You were on level 2 of the Dungeon.
You visited 1 branch of the dungeon, and saw 2 of its levels.

You collected 44 gold pieces.

Inventory:

Hand Weapons
 a - a +0 flail of protection (weapon)
Missiles
 g - 4 stones (quivered)
 k - 19 bolts
Armour
 b - a +0 robe (worn)
 c - a +1 kite shield (worn)
Jewellery
 i - a ring of poison resistance (left claw)
Potions
 d - a potion of might
 f - a potion of cancellation {unknown}
 j - a potion of attraction {unknown}
 l - a potion of mutation {unknown}


   Skills:
 + Level 2.7 Fighting
 + Level 2.3 Maces & Flails
 + Level 2.8 Dodging
 + Level 2.8 Shields


You had 2 spell levels left.
You didn't know any spells.
Your spell library was empty.

Dungeon Overview and Level Annotations

Branches:
Dungeon (2/15)

Altars:


Innate Abilities, Weirdness & Mutations

You are too large for most types of armour.
You have claws for hands.
Your natural rate of healing is unusually fast.
You are covered in fur. (AC +1)
You have tough skin. (AC +1)


Message History

You hit the ball python.
You kill the ball python!
You block the iguana's attack. x2
The iguana bites you but does no damage.
You block the worm's attack. You block the iguana's attack.
You hit the iguana.
Your weapon exudes an aura of protection.
The iguana is lightly wounded.
The iguana bites you.
You closely miss the iguana.
The iguana is lightly wounded.
The iguana barely misses you.
You closely miss the iguana.
The iguana is lightly wounded.
You block the iguana's attack. x2
You hit the iguana.
Your weapon exudes an aura of protection.
The iguana is moderately wounded.
The iguana bites you.
You barely miss the iguana.
The iguana is moderately wounded.
The iguana bites you.
You closely miss the iguana.
The iguana is moderately wounded.
The iguana bites you! The iguana bites you.
* * * LOW HITPOINT WARNING * * *
You hit the iguana.
Your weapon exudes an aura of protection.
The iguana is severely wounded.
The iguana bites you.
* * * LOW HITPOINT WARNING * * *
You closely miss the iguana.
The iguana is severely wounded.
You block the iguana's attack.
A kobold comes into view. It is wielding a +0 short sword.
You closely miss the iguana.
The iguana is severely wounded.
The kobold shouts!
The iguana bites you!
You die...

#.........# #.##..
#.........# ###.#...
#..<......# ###.......
#..†......###.[....###
#..†......##...###.#
#..)......##K#.# #..#
###..............#
##..#
......####......## #.>
#.##.#..@lw.....## ##
#. #.....###.#........
#
....#####...#.#######
..## ...###.# ## ####
#.# #.. ##. .


You could see a worm, an iguana and a kobold.

Vanquished Creatures
  2 adders (D:2)
  A worm (D:2)
  A dart slug (D:2)
  3 endoplasms
  A giant cockroach (D:1)
  A goblin (D:1)
  2 hobgoblins (D:2)
  A quokka (D:1)
  4 ball pythons
  3 bats (D:1)
  A frilled lizard (D:1)
  2 kobolds (D:1)
  3 rats
25 creatures vanquished.

Vanquished Creatures (others)
  2 fungi (D:1)
  2 plants (D:1)
4 creatures vanquished.

Grand Total: 29 creatures vanquished

Notes
Turn   | Place    | Note
-------+----------+-------------------------------------------
     0 | D:1      | issech the Troll Fighter began the quest for the Orb.
     0 | D:1      | Reached XP level 1. HP: 22/22 MP: 0/0
   374 | D:1      | Reached XP level 2. HP: 29/29 MP: 1/1
   684 | D:1      | Found a faded altar of an unknown god.
  1058 | D:2      | Reached XP level 3. HP: 36/36 MP: 2/2
  1128 | D:2      | Slain by an iguana

Illustrated notes

Levels and vault maps discovered:
D:1:      dpeg_chamrin_arrival_tetris, layout_basic,
          dreamdust_ecumenical_altar_hidden_monk_grotto
D:2:      layout_rooms, serial_shops, shop_fountains

Skill      XL: |  1  2 |
---------------+-------+-----
Maces & Flails | 2 |  2.3
Fighting       | |  2.7
Dodging        | |  2.8
Shields        | |  2.8

Action                   || total
-------------------------++-------
Melee: Flail             ||   109
  Use: Scroll            ||     2
 Stab: Sleeping          ||     1
Armor: Robe              ||    40
Dodge: Dodged            ||    37
Block: Kite shield       ||    51

Table legend: (Time is in decaauts)
 A = Elapsed time spent in this place.
 B = Non-inter-level travel time spent in this place.
 C = Inter-level travel time spent in this place.
 D = Time resting spent in this place.
 E = Time spent auto-exploring this place.
 F = Levels seen in this place.
 G = Mean time per level.
                   A        B        C        D        E       F      G
               +--------+--------+--------+--------+--------+-----+--------+
         Total |   1174 |   1108 |     66 |      0 |    723 |   2 |  587.0 |
       Dungeon |   1174 |   1108 |     66 |      0 |    723 |   2 |  587.0 |
               +--------+--------+--------+--------+--------+-----+--------+

Top non-repeatable levels by time:
     D:1: 1088 daAuts
     D:2: 85 daAuts
